 Dungeon Crawl Stone Soup version 0.29-a0-234-g0dae59b3db (webtiles) character file.

Game seed: 4762339689274794531

72 bande the Covered (level 4, 0/29 HPs)
             Began as a Gargoyle Fighter on Mar 2, 2022.
             Slain by a gnoll
             ... wielding a +0 spear
              (2 damage)
             ... on level 3 of the Dungeon.
             The game lasted 00:02:38 (1878 turns).

bande the Covered (Gargoyle Fighter)                Turns: 1878, Time: 00:02:39

Health: 0/29       AC: 11    Str: 20    XL:     4   Next: 26%
Magic:  4/4        EV:  9    Int:  8    God:
Gold:   59         SH:  4    Dex: 11    Spells: 3/3 levels left

rFire   . . .      SeeInvis .   l - +4 hand axe
rCold   . . .      Faith    .   c - +0 buckler
rNeg    + . .      Spirit   .   b - +0 scale mail
rPois   ∞          Reflect  .   (no helmet)
rElec   +          Harm     .   (no cloak)
rCorr   .          Rampage  .   (no gloves)
Will    .....                   j - +0 pair of boots
Stlth   ..........              (no amulet)
HPRegen 0.09/turn               (no ring)
MPRegen 0.09/turn               (no ring)

@: no status effects
A: sickness immunity, AC +3, negative energy resistance 1, electricity
resistance, torment resistance 1, petrification resistance
a: no special abilities


You were on level 3 of the Dungeon.
You visited 1 branch of the dungeon, and saw 3 of its levels.

You collected 71 gold pieces.
You spent 12 gold pieces at shops.

Inventory:

Hand Weapons
 a - a +0 war axe
 l - a +4 hand axe (weapon)
Armour
 b - a +0 scale mail (worn)
 c - a +0 buckler (worn)
 j - a +0 pair of boots (worn)
Scrolls
 k - 2 scrolls of blinking
 m - a scroll of teleportation {unknown}
Potions
 d - a potion of might
 e - 3 potions of curing
 f - 2 potions of brilliance {unknown}
 g - a potion of lignification {unknown}
 h - a potion of mutation {unknown}
 i - a potion of heal wounds {unknown}


   Skills:
 + Level 3.8 Fighting
 + Level 2.7 Axes
 + Level 4.0 Armour
 - Level 0.2 Dodging
 + Level 3.6 Shields


You had 3 spell levels left.
You didn't know any spells.
Your spell library contained the following spells:

 Spells                   Type           Power      Damage    Failure   Level
 Foxfire                  Conj/Fire      0%         2x1d4     85%         1
 Conjure Flame            Conj/Fire      0%         6-21      99%         3
 Inner Flame              Hex/Fire       0%         N/A       99%         3
 Flame Wave               Conj/Fire      0%         2d4       100%        4


Dungeon Overview and Level Annotations

Branches:
Dungeon (3/15)

Altars:

Shops:
D:2 !=(


Innate Abilities, Weirdness & Mutations

You are immune to sickness and miasma.
Your stone body is resilient. (AC +3)
You are immune to poison.
You resist negative energy. (rN+)
You are resistant to electric shocks. (rElec)
You are resistant to unholy torment.
You are immune to petrification.


Message History

There is an open door here.
A gnoll is nearby! 2 gnolls come into view.
The gnoll shouts!
The gnoll hits you with a +0 club.
A gnoll comes into view. It is wielding a +0 spear of venom.
A quokka comes into view.
You hit the gnoll.
The gnoll is lightly wounded.
The gnoll barely misses you. The gnoll hits you with a +0 club.
You hit the gnoll.
The gnoll is heavily wounded.
The gnoll hits you but does no damage.
You barely miss the gnoll.
The gnoll is heavily wounded.
The gnoll hits you with a +0 club.
You barely miss the gnoll.
The gnoll is heavily wounded.
The gnoll hits you with a +0 club. The gnoll hits you but does no damage.
The quokka twitches its whiskers.
You hit the gnoll.
You kill the gnoll!
You block the gnoll's attack. The gnoll hits you but does no damage.
The gnoll throws a throwing net.
The throwing net hits you.
You become entangled in the net!
Your Armour skill increases to level 4!
You are held in a net!
You struggle against the net.
The gnoll hits you from afar with a +0 spear of venom.
The gnoll hits you but does no damage.
The gnoll hits you from afar with a +0 spear.
You tear a large gash into the net.
The gnoll hits you but does no damage.
The gnoll hits you from afar with a +0 spear.
* * * LOW HITPOINT WARNING * * *
The gnoll barely misses you.
You rip the net and break free!
The gnoll barely misses you. You block the gnoll's attack.
The quokka bites you.
* * * LOW HITPOINT WARNING * * *
The gnoll hits you from afar with a +0 spear.
You die...

#........
#....... #......
###.....
#......#
#...ggg#
#...r).#
#...@..#
#.....^#
#......#
#########......#
#<......'......+
#########......#
########


You could see 3 gnolls and a quokka.

Vanquished Creatures
  2 adders (D:2)
  A gnoll (D:3)
  2 dart slugs
  An orc (D:2)
  3 bats
  2 endoplasms
  4 giant cockroaches (D:2)
  3 goblins
  4 hobgoblins
  2 quokkas (D:2)
  2 ball pythons
  3 frilled lizards
  6 kobolds
  2 rats (D:2)
37 creatures vanquished.

Notes
Turn   | Place    | Note
-------+----------+-------------------------------------------
     0 | D:1      | bande the Gargoyle Fighter began the quest for the Orb.
     0 | D:1      | Reached XP level 1. HP: 14/14 MP: 1/1
   329 | D:1      | Reached XP level 2. HP: 19/19 MP: 2/2
   741 | D:2      | Found Fuczat's Distillery.
   906 | D:2      | Bought a potion of degeneration for 12 gold pieces
  1027 | D:2      | Reached XP level 3. HP: 23/24 MP: 3/3
  1156 | D:2      | Found Kokka's Antique Weapon Shoppe.
  1331 | D:2      | Found Mupterin's Jewellery Boutique.
  1563 | D:2      | Reached XP level 4. HP: 27/29 MP: 4/4
  1876 | D:3      | Reached skill level 4 in Armour
  1878 | D:3      | Slain by a gnoll

Illustrated notes

Levels and vault maps discovered:
D:1:      dpeg_arrival_stone_temple_mockup, layout_loops_cross
D:2:      layout_loops_ring, serial_shops, nicolae_shop_statue_plus,
          nicolae_shop_crystal, shop, serial_glass, glass_columns_c,
          glass_columns_a, feat_on_display, corexii_hall_statues_i, st_stairs_2
D:3:      layout_basic

Skill      XL: |  1  2  3  4 |
---------------+-------------+-----
Axes           | 2 |  2.7
Armour         | 4 |  4.0
Fighting       | |  3.8
Dodging        | |  0.2
Shields        | |  3.6

Action                   |  1- 3 |  4- 6 || total
-------------------------+-------+-------++-------
Melee: War axe           |   101 |       ||   101
       Hand axe          |     3 |    11 ||    14
  Use: Scroll            |     2 |       ||     2
Armor: Scale mail        |    59 |     5 ||    64
Dodge: Dodged            |    67 |     7 ||    74
Block: Buckler           |    24 |     2 ||    26

Table legend: (Time is in decaauts)
 A = Elapsed time spent in this place.
 B = Non-inter-level travel time spent in this place.
 C = Inter-level travel time spent in this place.
 D = Time resting spent in this place.
 E = Time spent auto-exploring this place.
 F = Levels seen in this place.
 G = Mean time per level.
                   A        B        C        D        E       F      G
               +--------+--------+--------+--------+--------+-----+--------+
         Total |   1924 |   1924 |      0 |      0 |   1584 |   3 |  641.3 |
       Dungeon |   1924 |   1924 |      0 |      0 |   1584 |   3 |  641.3 |
               +--------+--------+--------+--------+--------+-----+--------+

Top non-repeatable levels by time:
     D:2: 1193 daAuts
     D:1: 710 daAuts
     D:3: 20 daAuts
